[Event "Czech Open Rapid G1 2024"]
[Site "Pardubice"]
[Date "2024.07.18"]
[Round "8.20"]
[White "Hosticka, Frantisek"]
[Black "Tyshniuk, Roman"]
[Result "0-1"]
[Annotator "RC"]
[ECO "B30"]
[WhiteElo "2062"]
[BlackElo "1903"]
[PlyCount "142"]
[EventDate "2024.07.16"]
[EventType "swiss"]
[EventCountry "CZE"]
[SourceTitle "playchess.com"]
[Source "ChessBase"]
[SourceQuality "1"]
[TimeControl "1200+10"]

1. e4 c5 2. Nf3 Nc6 3. Bb5 e6 4. O-O Nge7 5. b3 d6 6. Bb2 e5 7. h3 a6 8. Bxc6+ Nxc6 9. c3 Be7 10. d4 O-O 11. Nbd2 b5 12. dxc5 dxc5 13. Qe2 Be6 14. Rfd1 Qb6 15. Nf1 c4 16. b4 f5 17. exf5 Bxf5 18. Nxe5 Nxe5 19. Qxe5 Bh4 20. Qd4 Qxd4 21. Rxd4 Bf6 22. Rdd1 Rae8 23. Ne3 Bd3 24. a4 Bh4 25. Rd2 Bxf2+ 26. Rxf2 Rxe3 27. Rxf8+ Kxf8 28. axb5 axb5 29. Bc1 Re2 30. Bf4 Be4 31. g4 Rg2+ 32. Kf1 Rc2 33. Be5 Bg2+ 34. Kg1 Bxh3 35. Ra5 Bxg4 36. Rxb5 Bf3 37. Rc5 Rg2+ 38. Kf1 g5 39. b5 g4 40. b6 Rb2 41. Rc8+ Kf7 42. Rc7+ Ke6 43. Bf4 Rxb6 44. Rxh7 Rb3 45. Rh6+ Kf5 46. Bg3 Rxc3 47. Rh5+ Ke4 48. Re5+ Kd3 49. Re7 Rc1+ 50. Kf2 Rc2+ 51. Kf1 Re2 52. Rd7+ Kc2 53. Be1 Rh2 54. Ra7 Rh1+ 55. Kf2 Rxe1 56. Kxe1 g3 57. Rg7 g2 58. Rg6 Be4 59. Kf2 c3 60. Rg3 Bd5 61. Re3 Bc6 62. Re6 Bf3 63. Re3 Kd2 64. Rxf3 c2 65. Rf7 g1=Q+ 66. Kxg1 c1=Q+ 67. Kf2 Qc5+ 68. Kg3 Qg5+ 69. Kf2 Qh4+ 70. Kg1 Qg4+ 71. Kf1 Qc4+ 0-1

[Event "Czech Open Rapid G1 2024"]
[Site "Pardubice"]
[Date "2024.07.18"]
[Round "8.21"]
[White "Dorokhina, Elizaveta"]
[Black "Ocelak, Jakub"]
[Result "0-1"]
[Annotator "RC"]
[ECO "A41"]
[WhiteElo "1962"]
[BlackElo "2206"]
[PlyCount "84"]
[EventDate "2024.07.16"]
[EventType "swiss"]
[EventCountry "CZE"]
[SourceTitle "playchess.com"]
[Source "ChessBase"]
[SourceQuality "1"]
[TimeControl "1200+10"]

1. d4 g6 2. Nf3 Bg7 3. Bf4 d6 4. e3 Nd7 5. h3 e5 6. Bh2 Nh6 7. c3 O-O 8. Nbd2 f5 9. Bc4+ Kh8 10. h4 Ng4 11. Qc2 Nb6 12. Bb3 a5 13. a3 Qe7 14. Nc4 Nxc4 15. Bxc4 c6 16. O-O-O b5 17. Ba2 b4 18. Kb1 bxa3 19. bxa3 Ba6 20. h5 g5 21. h6 Bf6 22. Bg1 e4 23. Ne1 d5 24. Qc1 Rfe8 25. Ka1 Qe6 26. Nc2 Be7 27. Bh2 Nxf2 28. Be5+ Bf6 29. Bxf6+ Qxf6 30. Rdf1 Nxh1 31. Rxh1 f4 32. Qd2 f3 33. gxf3 exf3 34. Qf2 Bd3 35. Ne1 Be4 36. Bb1 Qd6 37. Nc2 Rab8 38. Ba2 g4 39. Rh5 g3 40. Qd2 f2 41. Qe2 Qg6 42. Bb1 Bd3 0-1

[Event "Czech Open Rapid G1 2024"]
[Site "Pardubice"]
[Date "2024.07.18"]
[Round "8.22"]
[White "Brotanek, Tomas"]
[Black "Dolensky, Filip"]
[Result "0-1"]
[Annotator "RC"]
[ECO "B22"]
[WhiteElo "1674"]
[BlackElo "2085"]
[PlyCount "82"]
[EventDate "2024.07.16"]
[EventType "swiss"]
[EventCountry "CZE"]
[SourceTitle "playchess.com"]
[Source "ChessBase"]
[SourceQuality "1"]
[TimeControl "1200+10"]

1. e4 c5 2. c3 e6 3. d4 d5 4. exd5 Qxd5 5. Nf3 Nf6 6. Na3 a6 7. Be3 cxd4 8. Nxd4 Nbd7 9. Nc4 Be7 10. Qf3 b5 11. Nd2 Bb7 12. Be2 O-O 13. O-O Ne5 14. Qh3 Ng6 15. Bf3 Qd7 16. Bxb7 Qxb7 17. Qf3 Qd5 18. Qxd5 Nxd5 19. Rfe1 Nxe3 20. fxe3 Rfd8 21. Rad1 Bc5 22. Ne4 Bb6 23. Kf2 Ne5 24. h3 Rac8 25. Re2 h6 26. Rc2 f5 27. Nd2 Kf7 28. N2f3 Nxf3 29. Kxf3 e5 30. Rcd2 exd4 31. exd4 Re8 32. g3 g5 33. Rf2 Kf6 34. Kg2 Kg6 35. Rdf1 Rf8 36. h4 Rce8 37. Kh3 Re3 38. h5+ Kxh5 39. Rxf5 Rxf5 40. Rxf5 Bc7 41. Rf6 Rxg3+ 0-1

[Event "Czech Open Rapid G1 2024"]
[Site "Pardubice"]
[Date "2024.07.18"]
[Round "8.23"]
[White "Garsky, Vladyslav"]
[Black "Stocek, Martin"]
[Result "1-0"]
[Annotator "RC"]
[ECO "B13"]
[WhiteElo "2137"]
[BlackElo "2110"]
[PlyCount "85"]
[EventDate "2024.07.16"]
[EventType "swiss"]
[EventCountry "CZE"]
[SourceTitle "playchess.com"]
[Source "ChessBase"]
[SourceQuality "1"]
[TimeControl "1200+10"]

1. e4 c6 2. d4 d5 3. exd5 cxd5 4. Bd3 Nc6 5. c3 Nf6 6. Nf3 Bg4 7. h3 Bxf3 8. Qxf3 e6 9. O-O Be7 10. Bf4 O-O 11. Nd2 Re8 12. Rfe1 Rc8 13. Re2 Qb6 14. Nf1 Na5 15. Rae1 Nc4 16. Bc1 Nd6 17. Ng3 Qa5 18. a3 b5 19. Nh5 Qb6 20. g4 a5 21. Nxf6+ Bxf6 22. h4 b4 23. axb4 axb4 24. h5 bxc3 25. bxc3 Qb3 26. Bd2 Nc4 27. Bc1 Nd6 28. Bd2 Nc4 29. Bxc4 Qxc4 30. h6 Ra8 31. Kg2 Ra2 32. g5 Be7 33. hxg7 Rea8 34. Bf4 Rxe2 35. Rxe2 Ra1 36. g6 hxg6 37. Qh3 Kxg7 38. Qh6+ Kg8 39. Be5 f6 40. Qxg6+ Kf8 41. Bxf6 Bd6 42. Qg7+ Ke8 43. Rxe6+ 1-0

[Event "Czech Open Rapid G1 2024"]
[Site "Pardubice"]
[Date "2024.07.18"]
[Round "8.24"]
[White "Direk, Oguzhan"]
[Black "Kastner, Oldrich"]
[Result "0-1"]
[Annotator "RC"]
[ECO "D00"]
[WhiteElo "1753"]
[BlackElo "2004"]
[PlyCount "104"]
[EventDate "2024.07.16"]
[EventType "swiss"]
[EventCountry "CZE"]
[SourceTitle "playchess.com"]
[Source "ChessBase"]
[SourceQuality "1"]
[TimeControl "1200+10"]

1. d4 Nf6 2. Nc3 d5 3. Bf4 a6 4. e3 Bf5 5. f3 e6 6. g4 Bg6 7. h4 h6 8. Bd3 Bxd3 9. cxd3 Bd6 10. Nge2 Nc6 11. Kf2 e5 12. dxe5 Nxe5 13. d4 Ng6 14. Bxd6 Qxd6 15. h5 Nf8 16. Qb3 Ne6 17. Rag1 O-O 18. Qc2 c5 19. Qd3 Ng5 20. Ng3 Rfe8 21. Nf5 Qb6 22. Na4 Qb4 23. Nxc5 Qxb2+ 24. Qe2 Qxe2+ 25. Kxe2 b6 26. Na4 Rab8 27. Rc1 Ne6 28. Kd3 Kf8 29. Rc6 Nd7 30. Nc3 Nf6 31. Rb1 b5 32. Rxa6 b4 33. Ne2 g6 34. hxg6 fxg6 35. Rxe6 Rxe6 36. Nf4 Ra6 37. Nxg6+ Ke8 38. Ne5 Rxa2 39. Nc6 Rba8 40. Rb3 Rf2 41. Nxb4 Ra1 42. Nc2 Rd1+ 43. Kc3 Rc1 44. Rb2 Rxf3 45. Nxh6 Ne4+ 46. Kb3 Nd2+ 47. Ka2 Nc4 48. Rb8+ Kd7 49. Nb4 Rf2+ 50. Kb3 Rb2+ 51. Ka4 Ra1+ 52. Kb5 Ra5# 0-1

[Event "Czech Open Rapid G1 2024"]
[Site "Pardubice"]
[Date "2024.07.18"]
[Round "8.25"]
[White "Brendel, Oliver"]
[Black "Moeller, Tom"]
[Result "1-0"]
[Annotator "RC"]
[ECO "A25"]
[WhiteElo "2291"]
[BlackElo "1842"]
[PlyCount "69"]
[EventDate "2024.07.16"]
[EventType "swiss"]
[EventCountry "CZE"]
[SourceTitle "playchess.com"]
[Source "ChessBase"]
[SourceQuality "1"]
[TimeControl "1200+10"]

1. c4 e5 2. g3 Bc5 3. Bg2 Nc6 4. Nc3 a6 5. e3 d6 6. Nge2 Bd7 7. O-O h5 8. d4 Ba7 9. h3 Qc8 10. Kh2 h4 11. g4 f5 12. g5 Nge7 13. d5 Nd8 14. f4 Nf7 15. b4 Ng6 16. Qd2 O-O 17. Bb2 Qe8 18. Rae1 Qe7 19. Ng1 Rae8 20. Qd1 exf4 21. exf4 Qd8 22. Bc1 Rxe1 23. Rxe1 Bf2 24. Rf1 Bg3+ 25. Kh1 Re8 26. Nge2 Qe7 27. Bd2 Nfh8 28. Bf3 Kh7 29. Kg2 Qf8 30. Nxg3 hxg3 31. Kxg3 Nf7 32. h4 Qh8 33. h5 Nxg5 34. hxg6+ Kg8 35. Rh1 1-0

[Event "Czech Open Rapid G1 2024"]
[Site "Pardubice"]
[Date "2024.07.18"]
[Round "8.26"]
[White "Laith, Kasib"]
[Black "Krak, Tomas"]
[Result "0-1"]
[Annotator "RC"]
[ECO "C00"]
[WhiteElo "2075"]
[BlackElo "2229"]
[PlyCount "89"]
[EventDate "2024.07.16"]
[EventType "swiss"]
[EventCountry "CZE"]
[SourceTitle "playchess.com"]
[Source "ChessBase"]
[SourceQuality "1"]
[TimeControl "1200+10"]

1. e4 e6 2. d3 c5 3. Nf3 Nc6 4. g3 d5 5. Nbd2 Nf6 6. Bg2 Be7 7. O-O O-O 8. Re1 b5 9. e5 Ne8 10. Nf1 Nc7 11. h4 b4 12. N1h2 Nb5 13. h5 h6 14. Bf4 Nbd4 15. Qd2 Nxf3+ 16. Nxf3 Nd4 17. c3 bxc3 18. bxc3 Nf5 19. d4 Ba6 20. Kh1 Rb8 21. Rab1 Qa5 22. g4 Nh4 23. Nxh4 Bxh4 24. g5 Rxb1 25. Rxb1 hxg5 26. Bxg5 Bxg5 27. Qxg5 Qd8 28. Qg3 f5 29. f4 Qe8 30. Bf3 cxd4 31. cxd4 Bd3 32. Rb7 Rf7 33. Rb2 Rc7 34. Rg2 Be4 35. h6 Bxf3 36. Qxf3 g6 37. Qg3 Kh7 38. Qg5 Qf7 39. Kh2 a5 40. Kg1 a4 41. a3 Rc3 42. Rb2 Qa7 43. Kg2 Qc7 44. Qf6 Rc2+ 45. Kh3 0-1

[Event "Czech Open Rapid G1 2024"]
[Site "Pardubice"]
[Date "2024.07.18"]
[Round "8.27"]
[White "Sherman, Raem"]
[Black "Dostal, Radim"]
[Result "1-0"]
[Annotator "RC"]
[ECO "C01"]
[WhiteElo "2358"]
[BlackElo "1961"]
[PlyCount "113"]
[EventDate "2024.07.16"]
[EventType "swiss"]
[EventCountry "CZE"]
[SourceTitle "playchess.com"]
[Source "ChessBase"]
[SourceQuality "1"]
[TimeControl "1200+10"]

1. e4 e6 2. d4 d5 3. Bd3 dxe4 4. Bxe4 Nf6 5. Bf3 c5 6. Ne2 Nc6 7. Be3 e5 8. Bxc6+ bxc6 9. dxe5 Qxd1+ 10. Kxd1 Ng4 11. Nd2 Nxe5 12. f3 Ba6 13. Nc3 O-O-O 14. Ke1 Be7 15. Kf2 Rhe8 16. Rad1 f5 17. h4 Bd6 18. g3 Nc4 19. Nxc4 Bxc4 20. Bg5 Rd7 21. Rhe1 Be5 22. Kg2 Rxd1 23. Nxd1 Kd7 24. b3 Bf7 25. c4 Bd4 26. Be3 Kd6 27. Kf2 g6 28. Re2 Bxe3+ 29. Nxe3 a5 30. Rd2+ Kc7 31. Nd1 a4 32. Nb2 axb3 33. axb3 Re7 34. Na4 h6 35. f4 Be8 36. Rd1 Kb7 37. Nxc5+ Kb6 38. b4 Bf7 39. Nd7+ Kc7 40. Ne5 Be8 41. c5 g5 42. Rd6 gxf4 43. gxf4 h5 44. Rf6 Bd7 45. Rf7 Rxf7 46. Nxf7 Be6 47. Ne5 Bd5 48. Ke3 Kb7 49. Kd4 Ka6 50. Kc3 Kb5 51. Nd3 Be4 52. Nb2 Bd5 53. Nd1 Bf3 54. Ne3 Be4 55. Nc4 Ka6 56. Nd6 Bb1 57. Kd4 1-0

[Event "Czech Open Rapid G1 2024"]
[Site "Pardubice"]
[Date "2024.07.18"]
[Round "8.28"]
[White "Karpinets, Andrian"]
[Black "Alexikov, Alexander"]
[Result "0-1"]
[Annotator "RC"]
[ECO "B90"]
[WhiteElo "1759"]
[BlackElo "2183"]
[PlyCount "88"]
[EventDate "2024.07.16"]
[EventType "swiss"]
[EventCountry "CZE"]
[SourceTitle "playchess.com"]
[Source "ChessBase"]
[SourceQuality "1"]
[TimeControl "1200+10"]

1. e4 c5 2. Nf3 d6 3. d4 Nf6 4. Nc3 cxd4 5. Nxd4 a6 6. h4 b5 7. a4 b4 8. Nd5 e6 9. Nxf6+ gxf6 10. Bc4 h5 11. Be3 Bb7 12. Qd3 Nd7 13. Nf3 Rg8 14. Kf1 Rg4 15. Nd2 Ne5 16. Qe2 d5 17. f3 Rg8 18. exd5 exd5 19. Bb3 a5 20. Qb5+ Bc6 21. Qe2 Be7 22. Re1 Qd7 23. Bd4 Kf8 24. Qe3 Rg6 25. Bc5 Bd6 26. Bxd6+ Qxd6 27. Qf4 Kg7 28. Rh3 Re8 29. Qd4 Qd7 30. Rh1 Bxa4 31. Bxa4 Qxa4 32. Nb3 Qb5+ 33. Kf2 a4 34. Nc5 Rc8 35. Rxe5 fxe5 36. Qxe5+ Kg8 37. Nd3 Rxc2+ 38. Ke3 Qb6+ 39. Kf4 Rc4+ 40. Kf5 Qc6 41. Qb8+ Kg7 42. Qe5+ Kh7 43. Qe7 Qc8+ 44. Ke5 Re6+ 0-1

[Event "Czech Open Rapid G1 2024"]
[Site "Pardubice"]
[Date "2024.07.18"]
[Round "8.29"]
[White "Silar, Lubomir"]
[Black "Kavalir, Jan"]
[Result "1/2-1/2"]
[Annotator "RC"]
[ECO "B53"]
[WhiteElo "1973"]
[BlackElo "1992"]
[PlyCount "43"]
[EventDate "2024.07.16"]
[EventType "swiss"]
[EventCountry "CZE"]
[SourceTitle "playchess.com"]
[Source "ChessBase"]
[SourceQuality "1"]
[TimeControl "1200+10"]

1. e4 c5 2. Nf3 d6 3. d4 cxd4 4. Qxd4 e5 5. Qd1 Qc7 6. Nc3 Nf6 7. Bg5 Nbd7 8. Be2 a6 9. O-O Be7 10. h3 h6 11. Be3 Nb6 12. Qd2 Nc4 13. Bxc4 Qxc4 14. Rfe1 Nxe4 15. Nxe4 Qxe4 16. Bg5 Bxg5 17. Nxg5 Qg6 18. Ne4 O-O 19. Qxd6 Bf5 20. Qxg6 Bxg6 21. Re2 Rfd8 22. Rae1 1/2-1/2

[Event "Czech Open Rapid G1 2024"]
[Site "Pardubice"]
[Date "2024.07.18"]
[Round "8.30"]
[White "Ret, Adam Josef"]
[Black "Lihotsky, Lukas"]
[Result "0-1"]
[Annotator "RC"]
[ECO "D02"]
[WhiteElo "2085"]
[BlackElo "2129"]
[PlyCount "108"]
[EventDate "2024.07.16"]
[EventType "swiss"]
[EventCountry "CZE"]
[SourceTitle "playchess.com"]
[Source "ChessBase"]
[SourceQuality "1"]
[TimeControl "1200+10"]

1. Nf3 d5 2. g3 Nd7 3. d4 Nb6 4. Bg2 Bf5 5. Bf4 e6 6. Nbd2 Be7 7. O-O Nf6 8. Rc1 O-O 9. c4 c6 10. Qb3 Qc8 11. a4 Nbd7 12. Ne5 a5 13. h3 h6 14. Kh2 Bb4 15. Nd3 Bxd2 16. Bxd2 Re8 17. Bf4 Be4 18. Bxe4 Nxe4 19. f3 Nef6 20. g4 dxc4 21. Qxc4 Nd5 22. e4 Nxf4 23. Nxf4 e5 24. Ne2 exd4 25. Qxd4 Qc7+ 26. Kg2 Rad8 27. Rfd1 Nb6 28. Qc3 Nd5 29. Qb3 Qe7 30. Rc2 Ne3+ 31. Qxe3 Rxd1 32. Nd4 Qb4 33. Nf5 Qxa4 34. Qc3 f6 35. Rd2 Rxd2+ 36. Qxd2 Qb3 37. h4 a4 38. Qd7 Qf7 39. Qd4 b5 40. Qc5 Qd7 41. Kh3 h5 42. gxh5 Qe6 43. Kg4 Qc4 44. Qa7 Qf7 45. Qxf7+ Kxf7 46. Nd6+ Ke7 47. Nf5+ Kf7 48. Nd6+ Kf8 49. Kf5 b4 50. Nc4 Ra8 51. h6 gxh6 52. Kxf6 a3 53. bxa3 bxa3 54. e5 a2 0-1

[Event "Czech Open Rapid G1 2024"]
[Site "Pardubice"]
[Date "2024.07.18"]
[Round "8.31"]
[White "Kopriva, Martin"]
[Black "Pejrimovsky, Tadeas Rubel"]
[Result "1-0"]
[Annotator "RC"]
[ECO "B81"]
[WhiteElo "2159"]
[BlackElo "1847"]
[PlyCount "61"]
[EventDate "2024.07.16"]
[EventType "swiss"]
[EventCountry "CZE"]
[SourceTitle "playchess.com"]
[Source "ChessBase"]
[SourceQuality "1"]
[TimeControl "1200+10"]

1. e4 c5 2. Nf3 e6 3. d4 cxd4 4. Nxd4 Nf6 5. Nc3 d6 6. g4 h6 7. Rg1 a6 8. h4 d5 9. exd5 Nxd5 10. Nxd5 Qxd5 11. Bg2 Qd8 12. Be3 Be7 13. g5 hxg5 14. hxg5 e5 15. Nb3 Qc7 16. g6 fxg6 17. Be4 Bf5 18. Qf3 Rh3 19. Qg2 Rxe3+ 20. fxe3 Bh4+ 21. Ke2 Qc4+ 22. Bd3 Bxd3+ 23. cxd3 Qc2+ 24. Nd2 Nc6 25. Qxg6+ Kd7 26. Qg4+ Kc7 27. Qxh4 Nd4+ 28. exd4 exd4 29. Rac1 Re8+ 30. Kf2 Rf8+ 31. Kg3 1-0

[Event "Czech Open Rapid G1 2024"]
[Site "Pardubice"]
[Date "2024.07.18"]
[Round "8.32"]
[White "Mojzis, Jaroslav"]
[Black "Park, Inchan"]
[Result "1-0"]
[Annotator "RC"]
[ECO "A50"]
[WhiteElo "2068"]
[BlackElo "1856"]
[PlyCount "71"]
[EventDate "2024.07.16"]
[EventType "swiss"]
[EventCountry "CZE"]
[SourceTitle "playchess.com"]
[Source "ChessBase"]
[SourceQuality "1"]
[TimeControl "1200+10"]

1. d4 Nf6 2. Nf3 b6 3. g3 Bb7 4. Bg2 g6 5. O-O Bg7 6. c4 O-O 7. Nc3 Ne4 8. Nxe4 Bxe4 9. Be3 c5 10. Qd2 Nc6 11. dxc5 bxc5 12. Bxc5 Rb8 13. Nd4 Bxg2 14. Kxg2 Qc7 15. Rac1 d6 16. Nb5 Qb7 17. Be3 a6 18. Nc3 Ne5+ 19. Qd5 Nxc4 20. Qxb7 Rxb7 21. b3 Nxe3+ 22. fxe3 f5 23. Nd5 e5 24. Rc6 Rd8 25. Rfc1 a5 26. Ra6 Kf7 27. Rxa5 Rdd7 28. Rc6 Ke6 29. b4 Ra7 30. Rxa7 Rxa7 31. Nc3 Kd7 32. Rb6 e4 33. Nb5 Be5 34. a3 g5 35. Kf2 h5 36. Nxa7 1-0

[Event "Czech Open Rapid G1 2024"]
[Site "Pardubice"]
[Date "2024.07.18"]
[Round "8.33"]
[White "Filindash, Nikita"]
[Black "Dovzhenko, Viktor"]
[Result "1-0"]
[Annotator "RC"]
[ECO "A53"]
[WhiteElo "2007"]
[BlackElo "2044"]
[PlyCount "147"]
[EventDate "2024.07.16"]
[EventType "swiss"]
[EventCountry "CZE"]
[SourceTitle "playchess.com"]
[Source "ChessBase"]
[SourceQuality "1"]
[TimeControl "1200+10"]

1. d4 d6 2. Nf3 Bg4 3. c4 Nf6 4. Nc3 c6 5. e4 Nbd7 6. Be2 e5 7. O-O Be7 8. Be3 O-O 9. Qc2 Re8 10. Rfd1 Qc7 11. Rd2 Bf8 12. Rad1 a6 13. h3 Bh5 14. b4 Bg6 15. dxe5 dxe5 16. a3 a5 17. c5 axb4 18. axb4 Ra3 19. Bd3 Rea8 20. Nh4 b6 21. Nxg6 hxg6 22. cxb6 Nxb6 23. Nb5 Qb7 24. Nxa3 Rxa3 25. Bc5 Bxc5 26. Qxc5 Nbd7 27. Qe7 Rc3 28. Bc4 Rxc4 29. Rxd7 Nxd7 30. Rxd7 Qxd7 31. Qxd7 Rxe4 32. Qe8+ Kh7 33. Qxc6 Rxb4 34. Qd5 f6 35. g3 Rd4 36. Qb7 g5 37. Qf7 Kh6 38. Kf1 Rb4 39. Qf8 Rd4 40. Ke2 Kg6 41. Kf3 Rd3+ 42. Kg4 Rd4+ 43. Kf3 Rd3+ 44. Kg2 Rd4 45. g4 Kh7 46. Kg3 Rd3+ 47. Kg2 Rd4 48. f3 Rd3 49. Qe8 Rd4 50. h4 gxh4 51. g5 fxg5 52. Qh5+ Kg8 53. Qe8+ Kh7 54. Qxe5 Rd2+ 55. Kh3 Rf2 56. Qe4+ Kh6 57. Kg4 Rg2+ 58. Kf5 h3 59. Qe6+ Kh5 60. Qg6+ Kh4 61. f4 h2 62. Qh7+ Kg3 63. Qh5 Kf2 64. fxg5 Kg1 65. Qd1+ Kf2 66. Kf4 Rxg5 67. Kxg5 Kg2 68. Qg4+ Kf1 69. Qh3+ Kg1 70. Qg3+ Kh1 71. Qf2 g6 72. Kg4 g5 73. Kg3 g4 74. Qxh2# 1-0

[Event "Czech Open Rapid G1 2024"]
[Site "Pardubice"]
[Date "2024.07.18"]
[Round "8.34"]
[White "Novotny, Josef"]
[Black "Sichrovsky, Tomas"]
[Result "1-0"]
[Annotator "RC"]
[ECO "A00"]
[WhiteElo "2033"]
[BlackElo "1933"]
[PlyCount "75"]
[EventDate "2024.07.16"]
[EventType "swiss"]
[EventCountry "CZE"]
[SourceTitle "playchess.com"]
[Source "ChessBase"]
[SourceQuality "1"]
[TimeControl "1200+10"]

1. e3 d5 2. d3 c5 3. h3 Nc6 4. Nf3 e5 5. Nc3 Nf6 6. Be2 Be7 7. a3 O-O 8. g4 Ne8 9. e4 Be6 10. Bd2 f6 11. Rg1 Nd4 12. Nxd4 cxd4 13. Nxd5 Bxd5 14. exd5 Qxd5 15. Bf3 Qd7 16. Be4 Nd6 17. Bd5+ Kh8 18. Qf3 Rad8 19. Bb4 f5 20. O-O-O e4 21. dxe4 fxe4 22. Qe2 Bg5+ 23. Kb1 e3 24. fxe3 dxe3 25. Bf3 Qe6 26. Rd5 Bf4 27. Rgd1 Rfe8 28. Bc3 a6 29. Rh5 Nb5 30. Be1 Qb6 31. Ka2 Rxd1 32. Qxd1 Rd8 33. Rd5 Qe6 34. c4 Rxd5 35. Bxd5 e2 36. Qd3 Nc3+ 37. bxc3 Qe5 38. Be4 1-0

[Event "Czech Open Rapid G1 2024"]
[Site "Pardubice"]
[Date "2024.07.18"]
[Round "8.35"]
[White "Novotny, Dominik"]
[Black "Nespurek, Jakub"]
[Result "1-0"]
[Annotator "RC"]
[ECO "C29"]
[WhiteElo "1921"]
[BlackElo "1876"]
[PlyCount "53"]
[EventDate "2024.07.16"]
[EventType "swiss"]
[EventCountry "CZE"]
[SourceTitle "playchess.com"]
[Source "ChessBase"]
[SourceQuality "1"]
[TimeControl "1200+10"]

1. e4 e5 2. Nc3 Nf6 3. f4 d5 4. fxe5 Nxe4 5. Qf3 Nxc3 6. bxc3 c5 7. Qg3 f6 8. Nf3 fxe5 9. Nxe5 Qf6 10. d4 Bd6 11. Bb5+ Bd7 12. Bg5 Bxe5 13. dxe5 Qf7 14. Rf1 Qe6 15. Bd3 Nc6 16. O-O-O Ne7 17. Bxe7 Qxe7 18. e6 Bc6 19. Rf7 Qxe6 20. Rxg7 Qh6+ 21. Kb1 Bd7 22. Re1+ Kd8 23. Ree7 Qb6+ 24. Ka1 Bc8 25. Qe5 Qc6 26. Rc7 Re8 27. Qg5+ 1-0

[Event "Czech Open Rapid G1 2024"]
[Site "Pardubice"]
[Date "2024.07.18"]
[Round "8.36"]
[White "Pejrimovska, Viola Ruby"]
[Black "Flasar, Jaroslav"]
[Result "1-0"]
[Annotator "RC"]
[ECO "B20"]
[WhiteElo "1780"]
[BlackElo "2012"]
[PlyCount "55"]
[EventDate "2024.07.16"]
[EventType "swiss"]
[EventCountry "CZE"]
[SourceTitle "playchess.com"]
[Source "ChessBase"]
[SourceQuality "1"]
[TimeControl "1200+10"]

1. e4 c5 2. b4 cxb4 3. a3 e6 4. axb4 Bxb4 5. c3 Be7 6. d4 d6 7. f4 Nf6 8. Bd3 O-O 9. Nf3 b6 10. O-O Bb7 11. Qe1 Nc6 12. e5 dxe5 13. fxe5 Nd7 14. Qg3 g6 15. Bh6 Re8 16. Ng5 Bxg5 17. Bxg5 Qc7 18. Qh4 Ncxe5 19. dxe5 Qxe5 20. Rxf7 h6 21. Qxh6 Nf8 22. Bxg6 Qh8 23. Qxh8+ Kxh8 24. Bf6+ Kg8 25. Rg7+ Kh8 26. Rxb7+ Kg8 27. Rg7+ Kh8 28. Rgxa7+ 1-0

[Event "Czech Open Rapid G1 2024"]
[Site "Pardubice"]
[Date "2024.07.18"]
[Round "9.2"]
[White "Kulon, Klaudia"]
[Black "Navara, David"]
[Result "0-1"]
[Annotator "TA"]
[ECO "A20"]
[WhiteElo "2380"]
[BlackElo "2682"]
[PlyCount "82"]
[EventDate "2024.07.16"]
[EventType "swiss"]
[EventCountry "CZE"]
[SourceTitle "playchess.com"]
[Source "ChessBase"]
[SourceQuality "1"]
[TimeControl "1200+10"]

1. c4 e5 2. g3 c6 3. Bg2 d5 4. cxd5 cxd5 5. d4 e4 6. f3 Nf6 7. Nc3 Bb4 8. Bd2 {[%emt 0:00:27] Die Stellung ist ausgeglichen.} Bxc3 9. Bxc3 {[%emt 0:00:22] Weiss ist schwach auf den weissen Feldern} O-O 10. f4 (10. Nh3 $11) 10... Nc6 $17 11. e3 b5 12. a3 a5 13. h3 h5 14. Ne2 Ra6 15. O-O b4 16. Bd2 Rb6 17. a4 {[%emt 0:00:52] [#] Schwarz führt seinen Vorteil zum Gewinn.} (17. axb4 $11 {hält das Gleichgewicht.} axb4 18. Nc1) 17... Ne7 $1 {[%emt 0:00:38][%cal Bc6e7,Be7f5,Bf5h4,Bh4f3][%mdl 32] Schwarz steht aktiver.} 18. Rc1 Nf5 19. Kh2 Ba6 20. Rg1 Nd7 {[%emt 0:01:07] Verhindert Rc5} 21. Bf1 Re8 22. g4 (22. b3 $142) 22... Nh4 $19 {[%emt 0:01:04] Ein dynamisches Springerpaar.} 23. g5 Nf3+ 24. Kh1 Nxg1 25. Kxg1 Ree6 26. h4 Rec6 27. f5 Bxe2 28. Bxe2 Qc7 29. Kg2 {[%emt 0:00:10] Verhindert Qg3+.} (29. Bb5 $142 Qg3+ 30. Kf1 Qh3+ 31. Kg1 Rxc1 32. Qxc1 Qg4+ (32... Qxf5 33. Qc8+ Kh7 34. Qxd7 $11) 33. Kf1 Qxf5+ 34. Ke1) 29... Rxc1 30. Bxc1 Rc6 31. Bd2 Rc2 32. b3 Rb2 {[%emt 0:00:09] [#] Droht ...Qc2 und aus.} 33. Be1 Qc2 34. Qxc2 Rxc2 {[%emt 0:00:02][%mdl 4096] Endspiel. KRN-KB} 35. Kf1 Rc1 36. Bb5 Nb6 37. Ke2 Rb1 38. Bg3 Rxb3 {[%emt 0:00:29] Und jetzt ...Nc4 wäre schön.} 39. Bc7 Nc4 40. Bf4 Rb2+ 41. Kd1 b3 {[%emt 0:00:09] Gewichteter Fehlerwert: Weiß=0.85/Schwarz=0.03 (makellos) .  Fehler:       	Weiß=4     	---        Ungenau:       	Weiß=3     	---        OK:         	Weiß=5     	Schwarz=13    Bester:       	---       	Schwarz=4     Stark:        	---       	Schwarz=1} 0-1

[Event "Czech Open Rapid G1 2024"]
[Site "Pardubice"]
[Date "2024.07.18"]
[Round "9.3"]
[White "Nisipeanu, Liviu-Dieter"]
[Black "Piesik, Piotr"]
[Result "1/2-1/2"]
[Annotator "TA"]
[ECO "C01"]
[WhiteElo "2583"]
[BlackElo "2415"]
[PlyCount "81"]
[EventDate "2024.07.16"]
[EventType "swiss"]
[EventCountry "CZE"]
[SourceTitle "playchess.com"]
[Source "ChessBase"]
[SourceQuality "1"]
[TimeControl "1200+10"]

1. e4 e6 2. d4 d5 3. exd5 exd5 4. Nf3 Bd6 5. c4 Nf6 6. Nc3 O-O 7. c5 Re8+ 8. Be2 Bf8 9. O-O {[%emt 0:00:03] White has an edge.} Bf5 10. Bg5 c6 11. Ne5 h6 (11... Bxc5 {should be considered.} 12. Nxf7 Qc7) 12. Bh4 Bxc5 13. Nxf7 {[%emt 0:00:41] White is more active.} (13. Bh5 $1 $14 g6 14. Bg4) 13... Kxf7 $11 14. dxc5 Nbd7 15. b4 a5 16. a3 axb4 17. axb4 Rxa1 18. Qxa1 Qe7 19. Rd1 Ne5 20. Bf1 Kg8 (20... g5 $5 21. Bg3 $8 Nh5 $11) 21. f3 Qf7 22. b5 Nfd7 23. Qa7 Nf8 24. Bg3 Re7 25. Qa4 Qf6 26. Ne2 Nc4 27. bxc6 bxc6 28. Qa1 Ne3 {[%emt 0:00:20] Excellent horsemanship.} 29. Qxf6 gxf6 30. Rd2 Ra7 {[%emt 0:00:52] [#] aiming for ...Ra1.} 31. Kf2 Nc4 32. Rd1 Ra2 33. Bf4 h5 34. Kg3 Ng6 35. h4 Bc2 36. Rc1 {[%emt 0:00:07] Nd4 is the strong threat.} Nce5 37. Nd4 (37. Nc3 $5 Rb2 $8 38. Ne2 $11) 37... Bd3 38. Bxe5 Bxf1 $1 39. Rxf1 fxe5 40. Nxc6 {[%emt 0:00:01] And now Re1 would win.} Rc2 41. Nb4 {[%emt 0:00:09] Weighted Error Value: White=0.09 (flawless) /Black=0.10 (very precise) .  Mistake:       	White=1     	Black=2      Inaccurate:     	White=5     	Black=4      OK:         	White=15    	Black=16     Best:        	White=2     	Black=1      Strong:       	---       	Black=1} 1/2-1/2